 Dungeon Crawl Stone Soup version 0.19-a0-978-g9f5ef2c (webtiles) character file.

373 FitzyFitz the Gusty (level 6, -5/32 HPs)
             Began as a Tengu Air Elementalist on July 13, 2016.
             Was a Follower of Yredelemnul.
             Slain by an ogre
             ... wielding a +0 giant club
              (21 damage)
             ... on level 4 of the Dungeon.
             The game lasted 00:15:52 (4966 turns).

FitzyFitz the Gusty (Tengu Air Elementalist)        Turns: 4966, Time: 00:15:52

Health: -5/32      AC:  2    Str:  9    XL:     6   Next: 71%
Magic:  6/10       EV: 12    Int: 17    God:    Yredelemnul [*.....]
Gold:   141        SH:  4    Dex: 14    Spells: 4 memorised, 1 level left

rFire  . . .     SeeInvis .     a - +1 hand axe
rCold  . . .     Gourm    .     e - +0 robe
rNeg   . . .     Faith    .     m - +0 buckler
rPois  .         Spirit   .     (helmet restricted)
rElec  .         Dismiss  .     (no cloak)
rCorr  .         Reflect  .     (no gloves)
SustAt .         Harm     .     (boots unavailable)
MR     .....     Rnd*Tele +     (no amulet)
Stlth  ++........               (no ring)
                                q - ring of teleportation (curse)

@: not resistant to hostile enchantments, unstealthy
A: beak, talons 3, able to fly 1
a: Fly, Animate Remains, Renounce Religion


You were on level 4 of the Dungeon.
You worshipped Yredelemnul.
Yredelemnul was aware of your devotion.
You were hungry.

You visited 1 branch of the dungeon, and saw 4 of its levels.

You collected 141 gold pieces.

Inventory:

Hand Weapons
 a - a +1 hand axe (weapon)
 b - a +0 hunting sling
 k - a +0 dagger
 v - a +0 war axe
 x - a cursed -2 falchion
 y - a +0 halberd
Missiles
 d - 51 stones (quivered)
 h - 43 poisoned needles
 p - 31 sling bullets
 t - 3 tomahawks
Armour
 e - a +0 robe (worn)
 m - a +0 buckler (worn)
Jewellery
 q - a cursed ring of teleportation (left hand)
Scrolls
 r - a scroll of enchant weapon
Potions
 f - 2 potions of heal wounds {unknown}
 j - a potion of curing
 n - 2 potions of haste
 o - a potion of invisibility {unknown}
 s - a potion of agility {unknown}
 u - a potion of cure mutation {unknown}
Books
 i - a book of Air

   Spells                             Type                      Level
   a - Shock                          Conjuration/Air              1
   b - Swiftness                      Charms/Air                   2
   c - Repel Missiles                 Charms/Air                   2
   d - Static Discharge               Conjuration/Air              3
   e - Lightning Bolt                 Conjuration/Air              5
Comestibles
 c - 5 bread rations
 g - 3 meat rations


   Skills:
 - Level 2.1 Dodging
 + Level 2.5 Stealth
 + Level 2.4 Shields
 - Level 2.0 Spellcasting
 + Level 5.4 Conjurations
 + Level 6.7 Air Magic


You had one spell level left.
You knew the following spells:

 Your Spells              Type           Power        Failure   Level  Hunger
a - Shock                 Conj/Air       ###.         1%          1    #......
b - Repel Missiles        Chrm/Air       ##....       12%         2    ###....
c - Swiftness             Chrm/Air       ##......     12%         2    ###....
d - Static Discharge      Conj/Air       ###.....     8%          3    ###....


Dungeon Overview and Level Annotations

Branches:
Dungeon (4/15)
 Temple: D:4-7

Altars:
Hepliaklqana
Trog
Vehumet
Xom
Yredelemnul
Zin

Shops:
D:4 =


Innate Abilities, Weirdness & Mutations

You have a beak for a mouth.
You have claws for feet.
You can fly.


Message History

You are suddenly yanked towards a nearby monster!
Your surroundings suddenly seem different.
The orc wizard hits the plant but does no damage.
Okay, then.
Unknown command.
Unknown command.
The ogre shouts!
Something hits the plant but does no damage.
An adder skeleton comes into view.
Casting: Static Discharge
Confirm with . or Enter, or press ? or * to list all spells.
The ogre is struck by lightning.
The ogre is moderately wounded.
The lightning arcs!
You are struck by lightning.
The lightning arcs!
The ogre is struck by lightning.
The ogre is heavily wounded.
The lightning grounds out.
The ogre hits you with a giant club!!
Ouch! That really hurt!
You die...
Your body rises from the dead as a mindless zombie.

,...≈≈...≈≈.....,,,,,,*,,* *,,,*
#....≈≈≈≈≈ga...#**####***********
................,.....,,,,,,,,,,,
...............#,..#..,*,,,*,,,*,
....Z..g..............,,,,,,,,,,,
...............#...#..,*,,,*,,,*,
......................,,,,,,,,,,,
.......o.......################**
................@...............,
................O....)...........
.............................)...
............≈PPP................*
,,,,,,,...Z≈P≈≈≈≈P...).........##
,,,*,,,....≈≈♣≈≈≈≈≈P..%......#...
,,,,,,,....PP♣♣♣≈≈P.........##...
,,,,,,,,..≈≈≈* ♣♣≈.........##....
,,,..P...PPP≈♣ ♣≈≈P........#.....


You could see an ogre and an adder skeleton.

Vanquished Creatures
  A giant frog skeleton (D:4)
  An iguana (D:4)
  4 orc wizards
  2 worker ants
  7 adders
  6 worms
  3 dart slugs
  2 giant geckos
  6 orcs
  2 giant cockroaches
  8 goblins
  7 hobgoblins
  4 jackals (D:3)
  3 quokkas
  8 bats
  8 giant newts
  7 kobolds
  12 rats
91 creatures vanquished.

Vanquished Creatures (others)
  A howler monkey (D:4)
  A gnoll (D:4)
  2 giant cockroaches (D:2)
4 creatures vanquished.

Grand Total: 95 creatures vanquished

Notes
Turn   | Place    | Note
-------+----------+-------------------------------------------
     0 | D:1      | FitzyFitz the Tengu Air Elementalist began the quest for the Orb.
     0 | D:1      | Reached XP level 1. HP: 10/10 MP: 4/4
   439 | D:1      | Reached XP level 2. HP: 15/15 MP: 4/6
  1248 | D:1      | Learned a level 2 spell: Repel Missiles
  1251 | D:1      | Learned a level 2 spell: Swiftness
  1425 | D:1      | Reached XP level 3. HP: 19/19 MP: 7/7
  1581 | D:2      | Found a radiant altar of Vehumet.
  1608 | D:2      | Reached skill level 5 in Air Magic
  1881 | D:2      | Reached XP level 4. HP: 24/24 MP: 1/8
  2081 | D:2      | Found a basalt altar of Yredelemnul.
  2084 | D:2      | Found a hazy altar of Hepliaklqana.
  2086 | D:2      | Found a bloodstained altar of Trog.
  2092 | D:2      | Became a worshipper of Yredelemnul the Dark
  2455 | D:3      | Reached skill level 1 in Shields
  2455 | D:3      | Gained mutation: You can fly. [Tengu growth]
  2455 | D:3      | Reached XP level 5. HP: 13/28 MP: 2/9
  2646 | D:3      | Found a glowing silver altar of Zin.
  2646 | D:3      | Noticed an angel
  2875 | D:3      | Reached skill level 6 in Air Magic
  3772 | D:3      | Reached XP level 6. HP: 30/32 MP: 4/10
  3830 | D:3      | Reached * piety under Yredelemnul
  3838 | D:3      | Reached skill level 5 in Conjurations
  4280 | D:4      | Learned a level 3 spell: Static Discharge
  4296 | D:4      | Noticed a wyvern
  4693 | D:4      | Found a shimmering altar of Xom.
  4856 | D:4      | Found Ganlot's Jewellery Shoppe.
  4966 | D:4      | Slain by an ogre

Vault maps used:
D:1:      minmay_arrival_widening_spiral_narrow
D:2:      vehumet_crystals, grunt_temple_overflow_diamond, first_bread,
          lemuel_old_faithful
D:3:      zin_angel, grunt_ministairs_4, minmay_bisected
D:4:      xom_confusion_cloud, lemuel_coloured_pillars_altar, serial_shops,
          nicolae_shop_window_shopping, serial_bayou, serial_bayou_pond_a,
          serial_bayou_shore_b, serial_bayou_lake_a, serial_bayou_pond_c,
          kennysheep_pointless_box

Skill      XL: |  1  2  3  4  5  6 |
---------------+-------------------+-----
Conjurations   | 2 3 4 5 |  5.4
Air Magic      | 5 6 |  6.7
Shields        | 1 2 |  2.4
Dodging        | |  2.1
Stealth        | |  2.5
Spellcasting   | |  2.0

Action                   |  1- 3 |  4- 6 || total
-------------------------+-------+-------++-------
Melee: Hand axe          |    31 |    93 ||   124
       Peck              |     3 |     5 ||     8
       Unarmed           |     2 |       ||     2
       Kick              |     5 |    18 ||    23
 Fire: Hunting sling     |    60 |    64 ||   124
 Cast: Shock             |    32 |    39 ||    71
       Static Discharge  |       |    10 ||    10
Invok: Animate Remains   |       |     2 ||     2
 Abil: Fly               |       |     1 ||     1
  Use: Scroll            |     3 |     8 ||    11
  Eat: Chunk             |     3 |    12 ||    15
Armor: Robe              |     9 |    17 ||    26
Dodge: Dodged            |    31 |    73 ||   104
Block: Buckler           |     1 |    22 ||    23
